 Dungeon Crawl Stone Soup version 0.22.1-1-ga44c0e5 (webtiles) character file.

37 Velaskes the Vexing (level 3, 0/26 HPs)
             Began as a Formicid Arcane Marksman on Nov 1, 2018.
             Succumbed to an adder's poison
             ... on level 2 of the Dungeon.
             The game lasted 00:07:05 (1619 turns).

Velaskes the Vexing (Formicid Arcane Marksman)      Turns: 1619, Time: 00:07:06

Health: 0/26       AC: -1    Str: 14    XL:     3   Next: 60%
Magic:  5/5        EV: 12    Int: 12    God:
Gold:   59         SH:  0    Dex: 12    Spells: 3/4 levels left

rFire    + . .     SeeInvis +   h - +1 hand axe (drain)
rCold    + . .     Gourm    .   (no shield)
rNeg     . . .     Faith    .   e - +0 robe
rPois    +         Spirit   .   (helmet unavailable)
rElec    +         Reflect  .   (no cloak)
rCorr    +         Harm     .   (no gloves)
MR       .....                  (no boots)
Stlth    +.........             (no amulet)
HPRegen  0.08/turn              i - -3 ring of protection (curse)
MPRegen  0.09/turn              (no ring)

@: lethally poisoned (0 -> -4), resistant
A: permanent stasis, dig shafts and tunnels, four strong arms, antennae 3
a: Dig, Shaft Self


You were on level 2 of the Dungeon.
You were full.

You visited 1 branch of the dungeon, and saw 2 of its levels.

You collected 59 gold pieces.

Inventory:

Hand Weapons
 a - a +0 hunting sling
 h - a +1 hand axe of draining (weapon)
Missiles
 b - 40 arrows
 c - 10 stones (quivered)
 j - 22 poisoned needles
Armour
 e - a +0 robe (worn)
 o - a +0 ring mail
Jewellery
 g - an uncursed amulet of rage
 i - a cursed -3 ring of protection (left hand)
Scrolls
 n - a scroll of identify
Potions
 m - a potion of resistance
Comestibles
 f - a ration


   Skills:
 + Level 1.2 Fighting
 + Level 3.1 Slings
 + Level 2.0 Dodging
 + Level 1.3 Spellcasting
 + Level 4.2 Hexes


You had 3 spell levels left.
You knew the following spells:

 Your Spells              Type           Power        Failure   Level  Hunger
a - Corona                Hex            ##.....      5%          1    ##.....

Your spell library contained the following spells:

 Spells                   Type           Power        Failure   Level  Hunger
 Slow                     Hex            ##......     8%          2    ###....
 Inner Flame              Hex/Fire       #.......     36%         3    ####...
 Portal Projectile        Hex/Tloc       #.....       36%         3    ####...
 Cause Fear               Hex            ##........   45%         4    #####..
 Leda's Liquefaction      Hex/Erth       #.........   77%         4    #####..


Dungeon Overview and Level Annotations

Branches:
Dungeon (2/15)

Altars:


Innate Abilities, Weirdness & Mutations

You cannot be hasted, slowed, berserked, paralysed or teleported.
You can dig through walls and to a lower floor.
Your four strong arms can wield two-handed weapons with a shield.
You have a pair of large antennae on your head. (SInv)


Message History

* * * LOW HITPOINT WARNING * * *
You feel sick.
* * * LOW HITPOINT WARNING * * *
You feel sick.
* * * LOW HITPOINT WARNING * * *
You feel sick.
It was a potion of magic.
Magic courses through your body.
It was a potion of berserk rage.
Your stasis prevents you from going berserk.
* * * LOW HITPOINT WARNING * * *
You feel sick.
It was a potion of resistance.
You feel protected.
There is a lethal amount of poison in your body!
* * * LOW HITPOINT WARNING * * *
You feel sick.
Things that are here:
a stone; a rat corpse You eat one of the 2 rations.
That ration really hit the spot!
You die...

#.##...# #.# .#
#....### ##.# .
.##..#####..#
.##..†.....##
.......#...#######
.#####.#.#.(..>..##
#.....††...((##
##..#........(#
#..##....(.@..#
#.###.....(..[.....
#..........#.>#....
.#...##...#...# ...
#..#.. #..#....# .
...#....#.....#
...#..#......# .##
#%..#


There were no monsters in sight!

Vanquished Creatures
  An adder (D:2)
  A dart slug (D:1)
  3 bats (D:1)
  2 giant cockroaches (D:1)
  5 hobgoblins
  2 jackals (D:1)
  A quokka (D:2)
  A frilled lizard (D:1)
  2 goblins (D:1)
  2 kobolds (D:1)
  5 rats
25 creatures vanquished.

Notes
Turn   | Place    | Note
-------+----------+-------------------------------------------
     0 | D:1      | Velaskes the Formicid Arcane Marksman began the quest for
                  | the Orb.
     0 | D:1      | Reached XP level 1. HP: 15/15 MP: 2/2
   267 | D:1      | Reached XP level 2. HP: 21/21 MP: 1/3
   634 | D:1      | Reached skill level 4 in Hexes
  1377 | D:2      | Reached XP level 3. HP: 26/26 MP: 4/4
  1616 | D:2      | HP: 1/26 [poisoned by an adder]
  1619 | D:2      | Succumbed to an adder's poison

Skill      XL: |  1  2  3 |
---------------+----------+-----
Dodging        | 2 |  2.0
Hexes          | 4 |  4.2
Slings         | 3 |  3.1
Fighting       | |  1.2
Spellcasting   | |  1.3

Action                   || total
-------------------------++-------
Melee: Hand axe          ||     5
 Fire: Hunting sling     ||    70
 Cast: Corona            ||    11
  Use: Scroll            ||     1
       Potion            ||     3
  Eat: Ration            ||     2
Armor: Robe              ||     3
Dodge: Dodged            ||    35
